 Dungeon Crawl Stone Soup version 0.31-a0-626-g8143ab4f1d (webtiles) character file.

Game seed: 15960739603028240345

245 ytrimaz the Changeling (level 6, -2/38 HPs)
             Began as an Octopode Shapeshifter on Aug 24, 2023.
             Was an Initiate of Okawaru.
             Slain by Pikel
             ... wielding a +0 whip of freezing
              (7 damage)
             ... on level 4 of the Dungeon.
             The game lasted 00:04:25 (3174 turns).

ytrimaz the Changeling (Octopode Shapeshifter)      Turns: 3174, Time: 00:04:26

Health: -2/38      AC:  1    Str: 14    XL:     6   Next: 10%
Magic:  9/9        EV: 13    Int: 10    God:    Okawaru [......]
Gold:   136        SH:  0    Dex: 15    Spells: 5/5 levels left

rFire   . .          .
                       - Unarmed
rCold   . . .        (no shield)
rNeg    . . .        (helmet currently unavailable)
rPois   .            (no amulet)
rElec   .            h - ring of see invisible
rCorr   .            (no ring)
SInv    +            (no ring)
Will    .....        (no ring)
Stlth   ++           (no ring)
HPRegen 0.26/turn    (no ring)
MPRegen 0.11/turn    (no ring)
                     (no ring)

%: no passive effects
@: beast-form
A: beast (slay +2), almost no armour, amphibious, 8 rings, camouflage 1,
gelatinous body 1, (nimble swimmer 1), tentacles
a: Begin Untransformation, Renounce Religion


You were on level 4 of the Dungeon.
You worshipped Okawaru.
Okawaru was noncommittal.
You were a hulking beast.
You visited 1 branch of the dungeon, and saw 4 of its levels.

You collected 188 gold pieces.
You spent 52 gold pieces at shops.


Innate Abilities, Weirdness & Mutations

You are a hulking beast.
Your limbs bulge with bestial killing power. (Slay +2)
You cannot wear most types of armour.
You are amphibious.
You can wear up to eight rings at the same time.
Your skin changes colour to match your surroundings (Stealth+).
Your rubbery body absorbs attacks. (AC +1, EV +1)
((You are camouflaged when in or above water. (Stealth+)))
You have tentacles for arms and can constrict up to eight enemies at once.


   Skills:
 - Level 1.0 Fighting
 - Level 2.0 Dodging
 - Level 3.8 Unarmed Combat
 * Level 4.0 Invocations
 + Level 4.5 Shapeshifting


You had 5 spell levels left.
You didn't know any spells.
Your spell library contained the following spells:

 Spells                   Type           Power      Damage    Failure   Level
 Slow                     Hex            0%         N/A       36%         1
 Sublimation of Blood     Necr           0%         N/A       50%         2
 Wereblood                Tmut           0%         N/A       50%         2
 Confusing Touch          Hex            0%         N/A       75%         3
 Vampiric Draining        Necr           0%         2d6       75%         3
 Summon Hydra             Summ           Unusable   N/A       N/A         7

Inventory:

Missiles
 l - a throwing net
Jewellery
 h - a ring of see invisible (left tentacle)
   (You found it on level 3 of the Dungeon)
Talismans
 b - a beast talisman (active)
 c - a flux talisman
 j - a talisman of death
   (You found it on level 2 of the Dungeon)
Wands
 f - a wand of digging (5)
   (You found it on level 2 of the Dungeon)
Scrolls
 d - a scroll of teleportation
 e - a scroll of poison
 g - 2 scrolls of vulnerability
 k - a scroll of blinking {unknown}
 n - a scroll of amnesia {unknown}
Potions
 i - a potion of heal wounds {unknown}
 m - a potion of berserk rage {unknown}

Dungeon Overview and Level Annotations

Branches:
Dungeon (4/15) Zot: 20833
 Temple: D:4-7

Altars:
Ashenzari
Okawaru

Shops:
D:1 [   D:3 ?

Annotations:
D:4 Pikel

......................# #.....
......................# #.....
......................# #.....
......................# #.....
..............K..5....######.....
......##############...........##
......#............'...........#
......#...........)#...........#
......#.........h..#...........#
.>....#..........K.#...........#
......#............#...........##
......#########....#.............
......#.....###....#.............
......#............'.............
......#............#.............
......#............#.)...........
......#............#.............


You could see Pikel.


Message History

You tentacle-slap the lemure.
You squeeze the lemure, but do no damage.
You constrict the lemure. The lemure misses you. 😮 HP[+1]
You tentacle-slap the lemure.
You constrict the lemure, but do no damage.
The lemure closely misses you.
Unknown command.
You tentacle-slap the lemure.
You kill the lemure!
That felt strangely unrewarding.
Unknown command. 😮 HP[+1] 😮 HP[+1] 😮 HP[+1] 😮 HP[+1] 😮 HP[+1] 😮 HP[+1]
There is an open door here. 😮 HP[+1]
There is a stone staircase leading up here.
There are no items here. 😕 HP[+1]
The lemure barely misses you.
Pikel says, "Hell isn't that bad."
You climb upwards.
There is a stone staircase leading down here. 😕 HP[+1] Unknown command.
Unknown command.
You tentacle-slap the lemure. You grab the lemure. You squeeze the lemure!
You constrict the lemure. The lemure hits you. 😮 HP[-3]
You take 3 damage, and now have 27/38 hp.
You tentacle-slap the lemure. You squeeze the lemure!
You kill the lemure!
That felt strangely unrewarding.
Unknown command. 😮 HP[+1]
You start resting. 😎 HP[+10]
Your hp is fully restored (38).
Unknown command.
There is a stone staircase leading down here.
Unknown command.
You climb downwards.
Level annotation: Pikel Pikel says, "You'll feel the lick of my whip!"
Pikel hits you with a +0 whip of freezing.
Pikel freezes you.
There is a stone staircase leading up here. 😕 HP[-6]
You take 6 damage, and now have 32/38 hp.
Unknown command.
Unknown command.
Press: ? - help, v - describe, . - travel
Here: Pikel, wielding a +0 whip of freezing and wearing a +1 robe of fire resistance The floor.
Unknown command.
You miss Pikel. Your grab misses Pikel. Pikel misses you.
You barely miss Pikel. Your grab misses Pikel. Pikel barely misses you.
Unknown command.
You tentacle-slap Pikel. You grab Pikel. You constrict Pikel, but do no damage.
Pikel barely misses you.
You bludgeon Pikel! You constrict Pikel, but do no damage.
Pikel hits you with a +0 whip of freezing!
Pikel freezes you.
Unknown command. 😮 HP[-12]
You take 12 damage, and now have 20/38 hp.
MASSIVE DAMAGE!! (PAUSE)
You tentacle-slap Pikel but do no damage.
You constrict Pikel.
Pikel hits you with a +0 whip of freezing.
* * * LOW HITPOINT WARNING * * *
Pikel freezes you.
* * * LOW HITPOINT WARNING * * *
😨 HP[-5]
You take 5 damage, and now have 15/38 hp.
You tentacle-slap Pikel. You constrict Pikel. Pikel barely misses you.
Unknown command.
You tentacle-slap Pikel but do no damage.
You constrict Pikel. Pikel waves his whip at you.
Pikel hits you with a +0 whip of freezing!
* * * LOW HITPOINT WARNING * * *
Pikel freezes you.
* * * LOW HITPOINT WARNING * * *
😱 HP[-11]
You take 11 damage, and now have 4/38 hp.
MASSIVE DAMAGE!! (PAUSE)
You barely miss Pikel.
You tentacle-slap Pikel, but do no damage.
You constrict Pikel. Pikel misses you. 😱 HP[+1]
You tentacle-slap Pikel but do no damage.
You squeeze Pikel! You constrict Pikel, but do no damage.
Pikel hits you with a +0 whip of freezing!
You die...
Pikel says, "See you in Hell!"

Skill      XL: |  1  2  3  4  5 |
---------------+----------------+-----
Invocations    | 1 2 4 |  4.0
Shapeshifting  | 4 |  4.5
Fighting       | |  1.0
Dodging        | |  2.0
Unarmed Combat | |  3.8

Action                     |  1- 3 |  4- 6 || total
---------------------------+-------+-------++-------
  Melee: Unarmed           |    54 |    77 ||   131
         Tentacles         |    13 |    16 ||    29
         Constrict         |    11 |    17 ||    28
         Punch             |     3 |     4 ||     7
  Evoke: Wand              |       |     1 ||     1
    Use: Potion            |     2 |     2 ||     4
         Scroll            |       |     6 ||     6
   Stab: Sleeping          |     6 |     2 ||     8
 Armour: Skin              |     7 |     4 ||    11
  Dodge: Dodged            |    24 |    46 ||    70

Levels and vault maps discovered:
D:1:      dpeg_arrival_windows_large_door, layout_basic, serial_shops,
          nicolae_shop_overgrown_old_shop
D:2:      layout_basic, basic_altar, hellmonk_ecumenical_altar_run_dry,
          guppyfry_early_lair_pool, uniq_robin
D:3:      layout_basic, nicolae_ashenzari_panopticon, serial_shops,
          nicolae_shop_tiny_waterfront, uniq_terence
D:4:      layout_gridville, uniq_pikel

Notes
Turn   | Place    | Note
-------+----------+-------------------------------------------
     0 | D:1      | ytrimaz the Octopode Shapeshifter began the quest for the
                  | Orb.
     0 | D:1      | Reached XP level 1. HP: 13/13 MP: 1/1
     0 | D:1      | magus.rc [v1.9.6]
    10 | D:1      | You pick up a book of Blood and begin reading...
    10 | D:1      | You add the spells Sublimation of Blood, Wereblood and
                  | Summon Hydra to your library.
    14 | D:1      | Found Difut's Antique Armour Emporium.
    96 | D:1      | Reached XP level 2. HP: 18/18 MP: 2/2
   570 | D:2      | Reached XP level 3. HP: 23/23 MP: 3/3
   610 | D:2      | Found an iron altar of Okawaru.
   623 | D:2      | Became a worshipper of Warmaster Okawaru
   643 | D:2      | Found a faded altar of an unknown god.
   708 | D:2      | Noticed Robin
   716 | D:2      | HP: 2/23 [goblin/sling bullet[Robin] (8)]
   789 | D:2      | HP: 2/23 [goblin/+0 club[Robin] (5)]
   792 | D:2      | Reached skill level 1 in Invocations
   897 | D:2      | Reached XP level 4. HP: 27/28 MP: 4/4
   994 | D:2      | Killed Robin
  1399 | D:3      | Noticed Terence
  1410 | D:3      | Killed Terence
  1411 | D:3      | Reached skill level 2 in Invocations
  1411 | D:3      | Reached skill level 4 in Shapeshifting
  1527 | D:3      | Found a broken altar of Ashenzari.
  1646 | D:3      | Found Mecvaes's Magic Scroll Shop.
  1654 | D:3      | Bought a scroll of identify for 26 gold pieces
  1654 | D:3      | Bought a scroll of identify for 26 gold pieces
  2182 | D:4      | Noticed a lemure
  2182 | D:4      | Noticed a lemure
  2204 | D:4      | Killed a lemure
  2408 | D:4      | Reached XP level 5. HP: 24/32 MP: 6/6
  2509 | D:4      | Noticed Pikel
  2510 | D:4      | Noticed a lemure
  2511 | D:4      | Noticed a lemure
  2519 | D:4      | HP: 4/32 [lemure[Pikel] (9)]
  2520 | D:4      | Killed a lemure
  2915 | D:4      | Noticed an ogre
  2942 | D:4      | Killed an ogre
  2943 | D:4      | Reached skill level 3 in Invocations
  2967 | D:4      | You pick up a book of Debilitation and begin reading...
  2967 | D:4      | You add the spells Slow, Vampiric Draining and Confusing
                  | Touch to your library.
  2986 | D:4      | Reached skill level 4 in Invocations
  2986 | D:4      | Reached XP level 6. HP: 35/38 MP: 7/9
  3172 | D:4      | HP: 6/38 [Pikel/+0 whip of freezing (9)]
  3174 | D:4      | Slain by Pikel

Vanquished Creatures
  An ogre (D:4)
  4 lemures
  A howler monkey (D:4)
  Terence (D:3)
  Robin (D:2)
  An adder (D:2)
  An ufetubus (D:4)
  A worm (D:2)
  An orc (D:4)
  6 ball pythons
  3 bats
  4 endoplasms
  5 giant cockroaches
  15 goblins
  7 hobgoblins
  4 jackals (D:2)
  5 kobolds
  3 quokkas (D:1)
  2 frilled lizards
  4 rats
70 creatures vanquished.

Table legend:
 A = Non-vault XP
 B = Vault XP
 C = Vault XP percentage of total XP
 D = Non-vault monster count
 E = Vault monster count
 F = Vault count percentage of total count
                 A         B        C        D         E       F
            +---------+---------+-------+---------+---------+-------
      Total |     281 |      70 |  19.9 |      54 |      12 |  18.2
            +---------+---------+-------+---------+---------+-------
        D:1 |      32 |       0 |   0.0 |      17 |       0 |   0.0
        D:2 |      44 |      34 |  43.6 |      18 |      11 |  37.9
        D:3 |      10 |      36 |  78.3 |       7 |       1 |  12.5
        D:4 |     195 |       0 |   0.0 |      12 |       0 |   0.0
            +---------+---------+-------+---------+---------+-------

Skill      XL: |  1  2  3  4  5 |
---------------+----------------+-----
Invocations    | 1 2 4 |  4.0
Shapeshifting  | 4 |  4.5
Fighting       | |  1.0
Dodging        | |  2.0
Unarmed Combat | |  3.8

Action                     |  1- 3 |  4- 6 || total
---------------------------+-------+-------++-------
  Melee: Unarmed           |    54 |    77 ||   131
         Tentacles         |    13 |    16 ||    29
         Constrict         |    11 |    17 ||    28
         Punch             |     3 |     4 ||     7
  Evoke: Wand              |       |     1 ||     1
    Use: Potion            |     2 |     2 ||     4
         Scroll            |       |     6 ||     6
   Stab: Sleeping          |     6 |     2 ||     8
 Armour: Skin              |     7 |     4 ||    11
  Dodge: Dodged            |    24 |    46 ||    70

Illustrated notes

Table legend:
 A = Kills in this place as a percentage of kills in the entire game.
 B = Kills by you in this place as a percentage of kills by you in the entire game.
 C = Kills by friends in this place as a percentage of kills by friends in the entire game.
 D = Other kills in this place as a percentage of other kills in the entire game.
 E = Experience gained in this place as a percentage of experience gained in the entire game.
 F = Experience gained in this place divided by the number of levels of this place that you have seen.
                   A       B       C       D       E      F
               +-------+-------+-------+-------+-------+----------------------
         Total | 100.0 | 100.0 |   N/A |   N/A | 100.0 |  87.8
       Dungeon | 100.0 | 100.0 |   N/A |   N/A | 100.0 |  87.8
               +-------+-------+-------+-------+-------+----------------------

Table legend: (Time is in decaauts)
 A = Elapsed time spent in this place.
 B = Non-inter-level travel time spent in this place.
 C = Inter-level travel time spent in this place.
 D = Time resting spent in this place.
 E = Time spent auto-exploring this place.
 F = Levels seen in this place.
 G = Mean time per level.
                   A        B        C        D        E       F      G
               +--------+--------+--------+--------+--------+-----+--------+
         Total |   3165 |   3124 |     41 |    136 |   2323 |   4 |  791.2 |
       Dungeon |   3165 |   3124 |     41 |    136 |   2323 |   4 |  791.2 |
               +--------+--------+--------+--------+--------+-----+--------+

Top non-repeatable levels by time:
     D:4: 985 daAuts
     D:3: 877 daAuts
     D:2: 740 daAuts
     D:1: 561 daAuts
